 Dungeon Crawl Stone Soup version 0.27-a0-1595-g0b823d0a13 (webtiles) character file.

Game seed: 4167061868987030575

6398 Sweetruy1997 the Cleaver (level 10, -9/117 HPs)
             Began as a Minotaur Berserker on July 19, 2021.
             Was a High Priest of Trog.
             Mangled by a death yak (20 damage)
             ... on level 8 of the Dungeon on July 21, 2021.
             The game lasted 00:24:36 (7586 turns).

Sweetruy1997 the Cleaver (Minotaur Berserker)       Turns: 7586, Time: 00:24:38

Health: -9/117     AC:  8    Str: 22    XL:     10   Next: 66%
Magic:  9/9        EV: 13    Int:  5    God:    Trog [*****.]
Gold:   15         SH:  0    Dex: 14    Spells: 9/9 levels left

rFire    . . .     SeeInvis .   l - +6 hand axe (elec)
rCold    + + .     Faith    .   (no shield)
rNeg     . . .     Spirit   .   p - +2 leather armour {rPois}
rPois    +         Reflect  .   (helmet restricted)
rElec    .         Harm     .   t - +0 cloak
rCorr    .         Rampage  .   (no gloves)
Will     .....                  (no boots)
Stlth    ..........             (no amulet)
HPRegen  0.29/turn              e - ring of protection from cold
MPRegen  0.11/turn              k - ring of protection from cold

@: berserking, very quick
A: horns 2, retaliatory headbutt, iridescent scales 1, thin skeletal structure 1
a: Renounce Religion, Berserk, Trog's Hand, Brothers in Arms


You were on level 8 of the Dungeon.
You worshipped Trog.
Trog was extremely pleased with you.
You visited 2 branches of the dungeon, and saw 9 of its levels.

You collected 335 gold pieces.
You spent 320 gold pieces at shops.

Inventory:

Hand Weapons
 d - a +4 whip of draining
 l - a +6 hand axe of electrocution (weapon)
Missiles
 i - 2 silver javelins
 n - 2 boomerangs (quivered)
 x - a throwing net
Armour
 f - +0 steam dragon scales
 p - a +2 leather armour of poison resistance (worn)
 t - a +0 cloak (worn)
 u - a +0 ring mail of cold resistance
Jewellery
 e - a ring of protection from cold (left hand)
 k - a ring of protection from cold (right hand)
Wands
 r - a wand of charming (5)
 y - a wand of digging (6)
Scrolls
 g - 2 scrolls of fog
 j - a scroll of magic mapping
 m - a scroll of fear
 w - a scroll of teleportation
Potions
 a - 2 potions of haste
 b - a potion of ambrosia
 c - a potion of heal wounds
 h - 2 potions of might
 o - 2 potions of lignification
 s - a potion of invisibility {unknown}
 v - a potion of curing {unknown}
 z - a potion of degeneration {unknown}


   Skills:
 - Level 4.0 Fighting
 + Level 1.9(2.1) Short Blades
 + Level 1.2(1.9) Long Blades
 - Level 13.2(14.0) Axes
 - Level 7.8(11.5) Maces & Flails
 + Level 1.9 Bows
 - Level 2.0 Throwing
 - Level 3.0 Armour
 - Level 5.0 Dodging
 - Level 7.0 Stealth


You had 9 spell levels left.
You didn't know any spells.
Your spell library was empty.

Dungeon Overview and Level Annotations

Branches:
Dungeon (8/15)             Temple (1/1) D:7
   Lair: D:8-11

Altars:
Ashenzari
Cheibriados
Dithmenos
Elyvilon
Fedhas
Gozag
Hepliaklqana
Kikubaaqudgha
Makhleb
Nemelex Xobeh
Okawaru
Qazlal
Ru
Sif Muna
Trog
Uskayaw
Vehumet
Wu Jian
Xom
Yredelemnul
Zin
The Shining One

Shops:
D:1 ?   D:5 ?   D:7 *


Innate Abilities, Weirdness & Mutations

You have a pair of horns on your head.
You reflexively headbutt those who attack you in melee.
You are partially covered in iridescent scales. (AC +2)
You have a somewhat thin skeletal structure. (Dex +2, Stealth+)


Message History

You slice the death yak!!
Lightning courses through the death yak!!
You kill the death yak!
Trog accepts your kill.
Your Axes skill increases to level 13!
You slash the death yak!
The death yak is lightly wounded.
You slash the death yak!
Lightning courses through the death yak!
You headbutt the death yak!
The death yak is heavily wounded.
You slash the death yak!
Lightning courses through the death yak!
The death yak is almost dead.
The death yak gores you!!
* * * LOW HITPOINT WARNING * * *
A death yak comes into view.
The death yak bellows!
You slash the death yak! You headbutt the death yak.
You kill the death yak!
Trog accepts your kill.
You hear a bellow!
Training target 14.0 for Axes reached!
Your base Short Blades skill increases to level 1!
Your Long Blades skill increases to level 1!
Your Bows skill increases to level 1!
A death yak comes into view.
The death yak bellows!
The death yak closely misses you.
You see here a death yak corpse.
You completely miss the death yak. x2
A yak comes into view.
The yak bellows!
You slash the death yak! You headbutt the death yak!
The death yak is moderately wounded.
You hit the death yak.
Lightning courses through the death yak!
You hear a bellow!
The death yak gores you!!
You die...

#.##.##......######
##.##.##......#
#.............#
#..##.###.....#
#>.##.#
#..).[######
#..##.#
###..†))..#.
#.y##.# #....)....
Y##.###yY##.#
#######.#.
Y.YYY.†YY@.(# #.##
Y.#####Y##### #.##
#.# ######.## #<#
#.....<.. #..
#.#####.# #.# #..
#.# #.. #.# #.. #..


You could see 4 death yaks, 3 yaks and 2 killer bees.

Vanquished Creatures
  A two-headed ogre (D:6)
  3 death yaks (D:8)
  Pikel (D:5)
  3 yaks (D:7)
  Eustachio (D:4)
  A steam dragon (D:8)
  A water moccasin (D:7)
  Duvessa (D:5)
  A black bear (D:7)
  An ice beast (D:5)
  A necrophage (D:5)
  2 ogres
  A centaur (D:8)
  A lemure (D:5)
  A phantom (D:5)
  Blork the orc (D:5)
  3 bullfrogs
  A kobold brigand (D:4)
  A scorpion (D:5)
  A wyvern skeleton (D:3)
  Dowan (D:5)
  A water moccasin skeleton (D:5)
  4 killer bees (D:8)
  4 wights (D:7)
  A howler monkey (D:4)
  4 centaur zombies (D:7)
  2 gnoll shamans
  A hound (D:4)
  Crazy Yiuf (D:5)
  A bullfrog skeleton (D:6)
  An orc priest (D:3)
  3 jellies
  2 centaur skeletons (D:7)
  3 iguanas (D:6)
  5 orc wizards
  14 gnolls
  14 adders
  A howler monkey skeleton (D:4)
  3 ufetubi
  2 worms
  19 orcs
  9 ball pythons
  11 endoplasms
  5 giant cockroaches
  8 goblins
  10 hobgoblins
  6 jackals
  10 kobolds
  3 quokkas
  12 bats
  2 frilled lizards
  7 rats
197 creatures vanquished.

Vanquished Creatures (others)
  An orc (D:3)
  2 plants (D:1)
3 creatures vanquished.

Grand Total: 200 creatures vanquished

Notes
Turn   | Place    | Note
-------+----------+-------------------------------------------
     0 | D:1      | Sweetruy1997 the Minotaur Berserker began the quest for the
                  | Orb.
     0 | D:1      | Reached XP level 1. HP: 19/19 MP: 0/0
   324 | D:1      | Reached XP level 2. HP: 25/27 MP: 1/1
   347 | D:1      | Reached skill level 4 in Axes
   396 | D:1      | Found Zoqeix's Magic Scroll Shoppe.
   768 | D:1      | Found a faded altar of an unknown god.
   935 | D:1      | Reached XP level 3. HP: 32/33 MP: 2/2
  1012 | D:1      | Reached skill level 1 in Maces & Flails
  1414 | D:2      | Reached ** piety under Trog
  1450 | D:2      | Reached XP level 4. HP: 36/40 MP: 3/3
  1517 | D:2      | Noticed an ogre
  1524 | D:2      | Killed an ogre
  1525 | D:2      | Reached skill level 1 in Throwing
  1525 | D:2      | Reached XP level 5. HP: 46/46 MP: 4/4
  2312 | D:3      | Reached XP level 6. HP: 51/52 MP: 5/5
  2692 | D:3      | Reached *** piety under Trog
  3117 | D:4      | Gained mutation: You occasionally shout uncontrollably at
                  | your foes. [potion of mutation]
  3117 | D:4      | Gained mutation: You frequently scream uncontrollably at
                  | your foes. [potion of mutation]
  3117 | D:4      | Gained mutation: You have a somewhat thin skeletal
                  | structure. (Dex +2, Stealth+) [potion of mutation]
  3118 | D:4      | Lost mutation: You frequently scream uncontrollably at your
                  | foes. [potion of mutation]
  3118 | D:4      | Lost mutation: You occasionally shout uncontrollably at
                  | your foes. [potion of mutation]
  3118 | D:4      | Gained mutation: You are clumsy. (Dex -2) [potion of
                  | mutation]
  3118 | D:4      | Gained mutation: You expend magic power (3 MP) to
                  | strengthen your wands. [potion of mutation]
  3118 | D:4      | Gained mutation: Your natural rate of healing is unusually
                  | fast. [potion of mutation]
  3201 | D:4      | Reached skill level 5 in Maces & Flails
  3321 | D:1      | Bought a scroll of identify for 24 gold pieces
  3321 | D:1      | Bought a scroll of identify for 24 gold pieces
  3321 | D:1      | Bought a scroll of magic mapping for 42 gold pieces
  3580 | D:4      | Noticed Eustachio
  3586 | D:4      | Killed Eustachio
  3587 | D:4      | Reached skill level 5 in Dodging
  3587 | D:4      | Reached skill level 1 in Stealth
  3587 | D:4      | Reached XP level 7. HP: 59/59 MP: 6/6
  4028 | D:5      | Entered Level 5 of the Dungeon
  4058 | D:5      | Noticed Blork the orc
  4063 | D:5      | Killed Blork the orc
  4090 | D:5      | Noticed Dowan
  4091 | D:5      | Noticed Duvessa
  4102 | D:5      | Killed Duvessa
  4102 | D:5      | Reached **** piety under Trog
  4104 | D:5      | Killed Dowan
  4170 | D:5      | Reached XP level 8. HP: 64/66 MP: 7/7
  4413 | D:5      | Found a runed translucent door.
  4414 | D:5      | Noticed Crazy Yiuf
  4466 | D:5      | Reached skill level 5 in Axes
  4506 | D:5      | Noticed Pikel
  4511 | D:5      | Found Cuipn's Magic Scroll Shop.
  4514 | D:5      | Killed Pikel
  4515 | D:5      | Reached skill level 6 in Axes
  4515 | D:5      | Reached skill level 5 in Stealth
  4544 | D:5      | Found a sparkling altar of Nemelex Xobeh.
  4554 | D:5      | Found a basalt altar of Yredelemnul.
  4762 | D:5      | Lost mutation: You are clumsy. (Dex -2) [potion of
                  | mutation]
  4762 | D:5      | Lost mutation: You expend magic power (3 MP) to strengthen
                  | your wands. [potion of mutation]
  4762 | D:5      | Lost mutation: Your natural rate of healing is unusually
                  | fast. [potion of mutation]
  4762 | D:5      | Gained mutation: You are partially covered in iridescent
                  | scales. (AC +2) [potion of mutation]
  4971 | D:5      | Killed Crazy Yiuf
  5180 | D:1      | Bought a scroll of enchant weapon for 90 gold pieces
  5180 | D:1      | Bought a scroll of teleportation for 36 gold pieces
  5444 | D:6      | Noticed a two-headed ogre
  5451 | D:6      | Killed a two-headed ogre
  5452 | D:6      | Reached skill level 7 in Axes
  5452 | D:6      | Reached XP level 9. HP: 71/71 MP: 8/8
  5480 | D:6      | Found a broken altar of Ashenzari.
  5493 | D:6      | Found a white marble altar of Elyvilon.
  5494 | D:6      | Found an iron altar of Okawaru.
  5658 | D:6      | Reached skill level 8 in Axes
  6351 | D:5      | Bought a scroll of identify for 26 gold pieces
  6351 | D:5      | Bought a scroll of identify for 26 gold pieces
  6384 | D:7      | Reached skill level 9 in Axes
  6451 | D:7      | Found a staircase to the Ecumenical Temple.
  6467 | Temple   | Entered the Ecumenical Temple
  6689 | D:7      | Found Yrum's General Store.
  6718 | D:7      | Reached skill level 10 in Axes
  6772 | D:7      | Bought a scroll of identify for 26 gold pieces
  6838 | D:5      | Bought a scroll of fog for 26 gold pieces
  6882 | D:7      | Found a glowing golden altar of the Shining One.
  7040 | D:7      | Reached ***** piety under Trog
  7041 | D:7      | Reached XP level 10. HP: 68/78 MP: 9/9
  7044 | D:7      | Reached skill level 11 in Axes
  7304 | D:8      | Upgraded the game from 0.27-a0-1591-gc56fcc985a to
                  | 0.27-a0-1595-g0b823d0a13
  7551 | D:8      | Noticed a death yak
  7552 | D:8      | Noticed a death yak
  7553 | D:8      | Noticed a death yak
  7558 | D:8      | Noticed a death yak
  7560 | D:8      | Noticed a death yak
  7568 | D:8      | Killed a death yak
  7569 | D:8      | Reached skill level 12 in Axes
  7579 | D:8      | Killed a death yak
  7580 | D:8      | Reached skill level 13 in Axes
  7582 | D:8      | Noticed a death yak
  7583 | D:8      | Killed a death yak
  7584 | D:8      | Reached skill level 1 in Short Blades
  7584 | D:8      | Reached skill level 1 in Long Blades
  7584 | D:8      | Reached skill level 1 in Bows
  7584 | D:8      | Noticed a death yak
  7586 | D:8      | Mangled by a death yak

Illustrated notes

Levels and vault maps discovered:
D:1:      zaba_arrival_water, layout_loops_cross, serial_shops, shop,
          hellmonk_ecumenical_altar_zigzags, serial_bayou_lake_a
D:2:      layout_rooms
D:3:      minmay_chambers_of_threes, layout_basic, lemuel_old_faithful
D:4:      cheibrodos_barr_body, layout_loops_ring, uniq_eustachio
D:5:      layout_basic, mainiacjoe_overflow_large_starburst, serial_shops,
          nicolae_take_the_stairs, uniq_blork_the_orc, uniq_duvessa, uniq_pikel,
          uniq_crazy_yiuf_cottage
D:6:      layout_loops_ring, chequers_temple_overflow_statue_of_worship,
          mainiacjoe_overflow_surrounded_room, minmay_misc_feat_diagonals
D:7:      layout_rooms, tso_oasis_becter, minmay_temple_entry_drinking_statues,
          serial_shops, nicolae_shop_crystal
D:8:      layout_loops_ring, dpeg_lair_monsters
Temple:   compressed_dpeg_circular_temple

Skill      XL: |  1  2  3  4  5  6  7  8  9 10 |
---------------+-------------------------------+-----
Axes           | 4 7 10 13 | 13.2
Fighting       | 4 |  4.0
Maces & Flails | 1 2 3 5 7 |  7.8
Dodging        | 3 4 5 |  5.0
Throwing       | 1 2 |  2.0
Armour         | 3 |  3.0
Stealth        | 1 2 6 7 |  7.0
Short Blades   | 1 |  1.9
Long Blades    | 1 |  1.2
Bows           | 1 |  1.9

Action                   |  1- 3 |  4- 6 |  7- 9 | 10-12 || total
-------------------------+-------+-------+-------+-------++-------
Melee: Hand axe          |    23 |       |   112 |    39 ||   174
       Headbutt          |     7 |    14 |    26 |    13 ||    60
       Whip              |    43 |    87 |    30 |       ||   160
Throw: Javelin           |     6 |    56 |    72 |     4 ||   138
       Boomerang         |       |       |    23 |    10 ||    33
Invok: Berserk           |       |       |       |     1 ||     1
  Use: Scroll            |       |    11 |    12 |       ||    23
       Potion            |       |     2 |     1 |       ||     3
 Stab: Sleeping          |       |       |     3 |       ||     3
       Distracted        |       |       |     1 |       ||     1
Armor: Animal skin       |    13 |       |       |       ||    13
       Ring mail         |       |    11 |       |       ||    11
       Leather armour    |       |       |    37 |     5 ||    42
Dodge: Dodged            |    44 |    39 |    86 |    13 ||   182

Table legend: (Time is in decaauts)
 A = Elapsed time spent in this place.
 B = Non-inter-level travel time spent in this place.
 C = Inter-level travel time spent in this place.
 D = Time resting spent in this place.
 E = Time spent auto-exploring this place.
 F = Levels seen in this place.
 G = Mean time per level.
                   A        B        C        D        E       F      G
               +--------+--------+--------+--------+--------+-----+--------+
         Total |   7647 |   6728 |    919 |    859 |   4805 |   9 |  849.7 |
       Dungeon |   7536 |   6625 |    911 |    859 |   4704 |   8 |  942.0 |
        Temple |    110 |    102 |      8 |      0 |    101 |   1 |  110.0 |
               +--------+--------+--------+--------+--------+-----+--------+

Top non-repeatable levels by time:
     D:1: 1558 daAuts
     D:6: 1121 daAuts
     D:3: 1058 daAuts
     D:5: 1042 daAuts
     D:4: 1042 daAuts
     D:7: 726 daAuts
     D:2: 701 daAuts
     D:8: 286 daAuts
  Temple: 110 daAuts
